 Dungeon Crawl Stone Soup version 0.28.0-43-g3370ac3207 (webtiles) character file.

Game seed: 17371282347694715769

152 tizbic2 the Skirmisher (level 5, -2/55 HPs)
             Began as an Ogre Fighter on Mar 17, 2022.
             Slain by a phantom (3 damage)
             ... on level 4 of the Dungeon.
             The game lasted 00:11:57 (3255 turns).

tizbic2 the Skirmisher (Ogre Fighter)               Turns: 3255, Time: 00:11:57

Health: -2/55      AC:  3    Str: 24    XL:     5   Next: 34%
Magic:  6/6        EV:  8    Int:  9    God:
Gold:   113        SH:  8    Dex:  8    Spells: 5/5 levels left

rFire   . . .      SeeInvis .   a - +0 trident
rCold   . . .      Faith    .   c - +1 kite shield
rNeg    . . .      Spirit   .   b - +0 robe
rPois   .          Reflect  .   (helmet restricted)
rElec   .          Harm     .   (no cloak)
rCorr   .          Rampage  .   (gloves unavailable)
Will    .....                   (boots unavailable)
Stlth   +.........              p - amulet of magic regeneration
HPRegen 0.18/turn               (no ring)
MPRegen 0.50/turn               (no ring)

@: no status effects
A: large, unfitting armour, tough skin 1, strong 1, wild magic 1
a: no special abilities


You were on level 4 of the Dungeon.
You visited 1 branch of the dungeon, and saw 4 of its levels.

You collected 139 gold pieces.
You spent 26 gold pieces at shops.

Inventory:

Hand Weapons
 a - a +0 trident (weapon)
Missiles
 i - 62 stones (quivered)
 j - 8 poisoned darts
 l - 2 boomerangs
Armour
 b - a +0 robe (worn)
 c - a +1 kite shield (worn)
Jewellery
 p - an amulet of magic regeneration (around neck)
Scrolls
 k - a scroll of teleportation
 o - a scroll of immolation {unknown}
Potions
 d - a potion of might
 h - 3 potions of curing {unknown}
 m - a potion of invisibility
 n - a potion of lignification {unknown}


   Skills:
 + Level 4.8 Fighting
 * Level 3.4 Polearms
 - Level 2.6 Dodging
 * Level 3.8 Shields
 + Level 0.8 Spellcasting
 * Level 1.1 Air Magic


You had 5 spell levels left.
You didn't know any spells.
Your spell library contained the following spells:

 Spells                   Type           Power      Damage    Failure   Level
 Shock                    Conj/Air       4%         1d3       65%         1
 Sandblast                Erth           0%         2d4       73%         1
 Passwall                 Tmut/Erth      0%         N/A       86%         2
 Swiftness                Air            3%         N/A       90%         3
 Stone Arrow              Conj/Erth      0%         3d7       97%         3
 Airstrike                Air            1%         N/A       100%        4


Dungeon Overview and Level Annotations

Branches:
Dungeon (4/15)
 Temple: D:4-7

Altars:
Fedhas
Nemelex Xobeh
Ru

Shops:
D:1 *


Innate Abilities, Weirdness & Mutations

You are too large for most types of armour.
You have tough skin. (AC +1)
Your muscles are strong. (Str +2)
Your spells are a little harder to cast, but a little more powerful.


Message History

The ball python bites you.
The phantom hits you but does no damage.
You block the ball python's attack. The phantom barely misses you.
You closely miss the phantom.
The phantom is severely damaged.
You block the ball python's attack. The phantom hits you.
You hit the phantom but do no damage.
The phantom is severely damaged.
You block the ball python's attack. The phantom hits you!
The phantom blinks!
You blink.
A ball python comes into view.
The ball python hisses angrily.
You hit the phantom.
The phantom is almost destroyed.
The phantom closely misses you. The water moccasin skeleton bites you.
You closely miss the phantom.
The phantom is almost destroyed.
The phantom hits you!
* * * LOW HITPOINT WARNING * * *
The phantom blinks!
You blink.
The phantom hits you.
* * * LOW HITPOINT WARNING * * *
The phantom blinks!
You blink.
You block the phantom's attack.
You barely miss the phantom.
The phantom is almost destroyed.
You block the phantom's attack.
You closely miss the phantom.
The phantom is almost destroyed.
The phantom hits you.
* * * LOW HITPOINT WARNING * * *
The phantom blinks!
You blink.
You closely miss the phantom.
The phantom is almost destroyed.
You block the phantom's attack.
You barely miss the phantom.
The phantom is almost destroyed.
The ball python bites you.
* * * LOW HITPOINT WARNING * * *
The phantom hits you.
You die...

####....S#§# ########
#..#....#
.......####.....###
###..#....#...#..#
##.####...####Z######
#§#####..............
#§Z§<...#####S#######
#.####### #.WS.# ###
#.@..# #....# #....#
######


You could see a phantom, 2 ball pythons and a water moccasin skeleton.

Vanquished Creatures
  2 hounds (D:4)
  4 adders
  3 dart slugs (D:1)
  4 orcs (D:3)
  9 ball pythons
  5 endoplasms
  2 giant cockroaches
  3 goblins (D:1)
  A jackal (D:3)
  4 quokkas
  3 bats
  2 frilled lizards
  3 kobolds
  7 rats
52 creatures vanquished.

Vanquished Creatures (others)
  3 withered plants (D:4)
3 creatures vanquished.

Grand Total: 55 creatures vanquished

Notes
Turn   | Place    | Note
-------+----------+-------------------------------------------
     0 | D:1      | tizbic2 the Ogre Fighter began the quest for the Orb.
     0 | D:1      | Reached XP level 1. HP: 24/24 MP: 1/1
   100 | D:1      | Reached XP level 2. HP: 26/32 MP: 2/2
   805 | D:1      | Reached XP level 3. HP: 38/39 MP: 3/3
   884 | D:1      | Found Osaungoj's General Store.
   892 | D:1      | Bought a scroll of identify for 26 gold pieces
   893 | D:1      | Gained mutation: Your muscles are strong. (Str +2) [potion
                  | of mutation]
   893 | D:1      | Gained mutation: Your spells are a little harder to cast,
                  | but a little more powerful. [potion of mutation]
  1276 | D:2      | Found a faded altar of an unknown god.
  1514 | D:2      | Reached XP level 4. HP: 39/49 MP: 4/4
  2066 | D:3      | Found a sacrificial altar of Ru.
  2263 | D:3      | Found a sparkling altar of Nemelex Xobeh.
  2586 | D:3      | Found a blossoming altar of Fedhas.
  2898 | D:4      | Noticed a phantom
  2920 | D:4      | Reached XP level 5. HP: 25/55 MP: 5/5
  2929 | D:4      | Reached skill level 1 in Air Magic
  2932 | D:4      | HP: 1/55 [phantom (7)]
  3253 | D:4      | HP: 2/55 [phantom (4)]
  3255 | D:4      | Slain by a phantom

Illustrated notes

Levels and vault maps discovered:
D:1:      tarquinn_simple_flora_water_a, layout_loops_ring, serial_shops, shop
D:2:      layout_loops_ring, hellmonk_ecumenical_altar_inner_sanctum
D:3:      layout_basic, nicolae_ru_awakened_eye, lemuel_round_altar,
          fedhas_altar_3, eino_tiny_chamber, hangedman_feature_mirror
D:4:      layout_rooms, kiku_gazebo_garden_becter, serial_shops, shop_fountains

Skill      XL: |  1  2  3  4  5 |
---------------+----------------+-----
Shields        | 3 |  3.8
Polearms       | 3 |  3.4
Air Magic      | 1 |  1.1
Fighting       | |  4.8
Dodging        | |  2.6
Spellcasting   | |  0.8

Action                   |  1- 3 |  4- 6 || total
-------------------------+-------+-------++-------
Melee: Trident           |   111 |   109 ||   220
Throw: Stone             |     8 |     8 ||    16
       Dart              |     1 |       ||     1
  Use: Scroll            |     5 |     4 ||     9
       Potion            |     1 |     1 ||     2
Armor: Robe              |    27 |    27 ||    54
Dodge: Dodged            |    42 |    31 ||    73
Block: Kite shield       |    43 |    56 ||    99
